 Dungeon Crawl Stone Soup version 0.28.0-47-ge53b351184 (webtiles) character file.

Game seed: 7321141852166510152

189 101zpm the Magician (level 6, -17/40 HPs)
             Began as a Djinni Fire Elementalist on May 6, 2022.
             Demolished by Duvessa
             ... wielding a +0 short sword
              (18 damage)
             ... on level 4 of the Dungeon.
             The game lasted 00:06:42 (4567 turns).

101zpm the Magician (Djinni Fire Elementalist)      Turns: 4567, Time: 00:06:43

Health: -17/40     AC:  2    Str:  7    XL:     6   Next: 0%
Gold:   148        EV: 12    Int: 19    God:
                   SH:  0    Dex: 13

rFire   + + .      SeeInvis .   d - staff of conjuration
rCold   x . .      Faith    .   (no shield)
rNeg    . . .      Spirit   .   a - +0 robe
rPois   ∞          Reflect  .   (no helmet)
rElec   .          Harm     .   (no cloak)
rCorr   .          Rampage  .   (no gloves)
Will    .....                   (boots unavailable)
Stlth   ++........              (no amulet)
HPRegen 0.13/turn               (no ring)
MPRegen 0.00/turn               (no ring)

@: flying
A: sickness immunity, fire resistance 2, cold vulnerability 1, float, innate
caster, HP casting, extra vitality 1
a: no special abilities


You were on level 4 of the Dungeon.
You visited 1 branch of the dungeon, and saw 4 of its levels.

You collected 148 gold pieces.

Inventory:

Armour
 a - a +0 robe (worn)
Magical Staves
 d - a staff of conjuration (weapon)
Jewellery
 e - a +4 ring of evasion
 g - a +4 ring of protection
Scrolls
 b - 2 scrolls of amnesia {unknown}
 c - a scroll of enchant weapon {unknown}
 f - a scroll of magic mapping {unknown}
 i - a scroll of fog {unknown}
 j - a scroll of teleportation {unknown}
Potions
 h - a potion of curing {unknown}


   Skills:
 + Level 2.3 Dodging
 + Level 2.2 Stealth
 + Level 4.5 Spellcasting


You couldn't memorise any spells.
You knew the following spells:

 Your Spells              Type           Power      Damage    Failure   Level
a - Foxfire               Conj/Fire      100%       2x1d9     1%          1
b - Scorch                Fire           42%        2d7       3%          2
c - Conjure Flame         Conj/Fire      32%        6-21      6%          3
d - Inner Flame           Hex/Fire       21%        N/A       6%          3
e - Flame Wave            Conj/Fire      32%        2d8       21%         4
f - Pain                  Necr           84%        1d8       1%          1
g - Wereblood             Tmut           21%        N/A       3%          2
Your spell library was empty.

Dungeon Overview and Level Annotations

Branches:
Dungeon (4/15)
 Temple: D:4-7

Altars:

Annotations:
D:4 Duvessa


Innate Abilities, Weirdness & Mutations

You are immune to sickness and miasma.
You are immune to poison.
Your flesh is very heat resistant. (rF++)
You are vulnerable to cold. (rC-)
You float through the air rather than walking.
You learn spells naturally, not from books.
Your magical power is your life essence.
You have superior vitality. (+4 MHP)


Message History

Your foxfire dissipates!
Casting: Foxfire (safe; 2% risk of failure)
Confirm with . or Enter, or press ? or * to list all spells.
Flames lash Dowan.
You kill Dowan!
Duvessa screams in rage.
Duvessa goes berserk!
The foxfire hits Duvessa.
Duvessa is lightly wounded.
The foxfire hits Duvessa.
Duvessa is lightly wounded.
You have reached level 6!
You feel a surge of power!
You conjure some foxfire!
The foxfire hits Duvessa but does no damage.
Duvessa is lightly wounded.
The foxfire hits Duvessa.
Duvessa is moderately wounded.
Casting: Foxfire (safe; 1% risk of failure)
Confirm with . or Enter, or press ? or * to list all spells.
Flames lash Duvessa.
Duvessa is moderately wounded.
Duvessa's fire resistance burns away.
The foxfire hits Duvessa.
Duvessa is burned terribly!
Duvessa is moderately wounded.
The foxfire hits Duvessa.
Duvessa is moderately wounded.
Casting: Scorch (safe; 3% risk of failure)
Confirm with . or Enter, or press ? or * to list all spells.
Flames lash Duvessa.
Duvessa is burned terribly!
Duvessa is heavily wounded.
Duvessa hits you with a +0 short sword!
* * * LOW HITPOINT WARNING * * *
Duvessa hits you with a +0 short sword.
* * * LOW HITPOINT WARNING * * *
Casting: Scorch (safe; 3% risk of failure)
Confirm with . or Enter, or press ? or * to list all spells.
Flames lash Duvessa.
Duvessa is burned terribly!
Duvessa is severely wounded.
* * * LOW HITPOINT WARNING * * *
Duvessa hits you with a +0 short sword!!
You die...

###+### #.....#
#.....# +.....#
#>....# #.....#####
#######.....#...###
...?..e@....#.....#
.......###†##.....#
.......#..........#
.....).#...##.....#
.......+...##.....#
.......#..........#
.......#..........#
########...##.....#
##...##.....#


You could see Duvessa (berserk, combustible).

Vanquished Creatures
  Dowan (D:4)
  An iguana (D:4)
  3 adders
  A worm (D:3)
  2 dart slugs
  5 orcs (D:3)
  7 ball pythons
  3 bats
  10 endoplasms
  2 giant cockroaches
  7 goblins
  7 hobgoblins
  6 jackals
  8 kobolds
  2 quokkas
  4 frilled lizards
  A rat (D:1)
70 creatures vanquished.

Vanquished Creatures (others)
  403 foxfires
403 creatures vanquished.

Grand Total: 473 creatures vanquished

Notes
Turn   | Place    | Note
-------+----------+-------------------------------------------
     0 | D:1      | 101zpm the Djinni Fire Elementalist began the quest for the
                  | Orb.
     0 | D:1      | Reached XP level 1. HP: 15/15 MP: 0/0
   397 | D:1      | Reached XP level 2. HP: 19/21 MP: 0/0
   660 | D:1      | Reached skill level 3 in Spellcasting
   833 | D:1      | Reached XP level 3. HP: 23/25 MP: 0/0
   833 | D:1      | Learned a level 1 spell: Pain
  2136 | D:2      | Reached XP level 4. HP: 27/31 MP: 0/0
  3436 | D:3      | Reached XP level 5. HP: 33/35 MP: 0/0
  3436 | D:3      | Learned a level 2 spell: Wereblood
  3545 | D:3      | Reached skill level 4 in Spellcasting
  4555 | D:4      | Noticed Dowan
  4560 | D:4      | Noticed Duvessa
  4563 | D:4      | Killed Dowan
  4564 | D:4      | Reached XP level 6. HP: 30/40 MP: 0/0
  4567 | D:4      | Demolished by Duvessa

Illustrated notes

Levels and vault maps discovered:
D:1:      mainiacjoe_arrival_reflecting_pool, layout_rooms, minmay_tetromino_t4
D:2:      layout_basic
D:3:      layout_rooms
D:4:      layout_gridville, uniq_robin, uniq_blork_the_orc, uniq_duvessa

Skill      XL: |  1  2  3  4  5 |
---------------+----------------+-----
Spellcasting   | 3 4 |  4.5
Stealth        | 2 |  2.2
Dodging        | |  2.3

Action                   |  1- 3 |  4- 6 || total
-------------------------+-------+-------++-------
 Cast: Foxfire           |   119 |   149 ||   268
       Scorch            |     3 |    15 ||    18
Armor: Robe              |     1 |     1 ||     2
Dodge: Dodged            |       |     2 ||     2
